 Dungeon Crawl Stone Soup version 0.17-a0-2220-g6fea741 (webtiles) character file.

8 glosham the Insei (level 2, 0/24 HPs)
             Began as a Merfolk Monk on Oct 28, 2015.
             Slain by a hobgoblin
             ... wielding a +0 club
              (2 damage)
             ... on level 2 of the Dungeon.
             The game lasted 00:05:53 (188 turns).

glosham the Insei (Merfolk Monk)                     Turns: 188, Time: 00:05:54

Health: 0/24       AC:  3    Str: 11    XL:     2   Next: 8%
Magic:  2/2        EV: 14    Int:  9    God:
Gold:   51         SH:  0    Dex: 16    Spells: 0 memorised, 1 level left

rFire  . . .     SeeInvis .     a - +1 dagger (elec)
rCold  . . .     Clarity  .     X - +0 robe
rNeg   . . .     SustAt   .     (no shield)
rPois  .         Gourm    .     (no helmet)
rElec  .         Spirit   .     (no cloak)
rCorr  .         Warding  .     (no gloves)
rMut   .         Stasis   .     W - +0 pair of boots
MR     .....                    (no amulet)
Stlth  ++........               (no ring)
                                (no ring)

@: not resistant to hostile enchantments, unstealthy
A: change form in water, swift swim
a: no special abilities


You were on level 2 of the Dungeon.
You were not hungry.

You visited 1 branch of the dungeon, and saw 2 of its levels.

You collected 51 gold pieces.

Inventory:

Hand Weapons
 a - a +1 dagger of electrocution (weapon)
Missiles
 c - 3 poisoned javelins (quivered)
Armour
 W - a +0 pair of boots (worn)
 X - a +0 robe (worn)
Scrolls
 e - a scroll of random uselessness {unknown}
 f - 2 scrolls of enchant armour {unknown}
Potions
 d - a potion of curing {unknown}
Comestibles
 b - a bread ration


   Skills:
 - Level 3.2 Fighting
 * Level 1.2 Short Blades
 - Level 4.2 Dodging
 - Level 2.1 Stealth
 - Level 4.4 Unarmed Combat


You had one spell level left.
You didn't know any spells.

Dungeon Overview and Level Annotations

Branches:
Dungeon (2/15)

Altars:


Message History

You open the door.
There is an open door here.
You open the door.
There is an open door here.
Found a stone staircase leading down.
Found 24 stones.
There is a stone staircase leading down here.
You climb downwards.
A giant cockroach comes into view.
Found 2 scrolls labeled KUEFIP DIOMMO.
There is a stone staircase leading up here.
The helpless giant cockroach fails to defend itself.
You puncture the giant cockroach!
You kill the giant cockroach!
f - a scroll labeled KUEFIP DIOMMO
f - 2 scrolls labeled KUEFIP DIOMMO (gained 1)
A goblin comes into view.
The goblin shouts!
You hear a shout!
You hear a shout!
You hear a shout!
You hear a shout!
You hit the goblin.
There is a sudden explosion of sparks!
You kill the goblin!
Your Short Blades skill increases to level 1!
You have reached level 2!
A goblin comes into view. It is wielding a club.
You see here a goblin corpse.
You hit the goblin.
There is a sudden explosion of sparks!
You kill the goblin!
A giant newt, a hobgoblin and a kobold come into view.
Found a sedimented cyan potion and 12 gold pieces.
You see here a goblin corpse.
The hobgoblin barely misses you.
You hit the hobgoblin but do no damage. You closely miss the hobgoblin.
The hobgoblin hits you with a club.
* * * LOW HITPOINT WARNING * * *
You barely miss the hobgoblin. The hobgoblin hits you with a club.
* * * LOW HITPOINT WARNING * * *
You barely miss the hobgoblin. The hobgoblin closely misses you.
You hit the hobgoblin but do no damage. The hobgoblin barely misses you.
You completely miss the hobgoblin. The hobgoblin hits you with a club.
You die...

...................# ..
###)###.#.#.#..#.#.## ...
#.#.#.#.#.#..#.#..###....
#.#...#.#....#.#.........
#.#...#.###.##.#......... .
..# ... #..... #)..g..K.!
....# #.###.#.####l#.......
....# #..........#g#...l...
....# #.......#@#.#.....$.
..... #.<.....#g#.#.......
......##.......#l..#.......
...............#####.......
......##.......## .......
...## #........# #
#........# #........#
#.......##


You could see a hobgoblin and a giant newt.

Vanquished Creatures
  A giant cockroach (D:2)
  A hobgoblin (D:2)
  5 goblins
  A kobold (D:2)
8 creatures vanquished.

Notes
Turn   | Place    | Note
--------------------------------------------------------------
     0 | D:1      | glosham the Merfolk Monk began the quest for the Orb.
     0 | D:1      | Reached XP level 1. HP: 18/18 MP: 1/1
   170 | D:2      | Reached skill level 1 in Short Blades
   170 | D:2      | Reached XP level 2. HP: 10/24 MP: 2/2
   185 | D:2      | HP: 2/24 [hobgoblin/club (4)]
   188 | D:2      | Slain by a hobgoblin

Vault maps used:
D:1:      dpeg_arrival_houses_and_road

Action                   || total
-------------------------++-------
Melee: Unarmed           ||    16
       Dagger            ||     9
 Stab: Sleeping          ||     3

Table legend:
 A = Turns spent in this place as a percentage of turns spent in the entire game.
 B = Non-inter-level travel turns spent in this place as a percentage of non-inter-level travel turns spent in the entire game.
 C = Inter-level travel turns spent in this place as a percentage of turns spent in this place.
 D = Turns resting spent in this place as a percentage of non-inter-level travel turns spent in this place.
 E = Turns spent auto-exploring this place as a percentage of non-inter-level travel turns spent in this place.
 F = Non-inter-level travel turns spent in this place divided by the number of levels of this place that you've seen.
                   A       B       C       D       E      F
               +-------+-------+-------+-------+-------+----------------------
         Total | 100.0 | 100.0 |   0.0 |   0.0 |   0.0 |  94.0
       Dungeon | 100.0 | 100.0 |   0.0 |   0.0 |   0.0 |  94.0
               +-------+-------+-------+-------+-------+----------------------

Table legend:
 A = Kills in this place as a percentage of kills in entire the game.
 B = Kills by you in this place as a percentage of kills by you in the entire game.
 C = Kills by friends in this place as a percentage of kills by friends in the entire game.
 D = Other kills in this place as a percentage of other kills in the entire game.
 E = Experience gained in this place as a percentage of experience gained in the entire game.
 F = Experience gained in this place divided by the number of levels of this place that you have seen.
                   A       B       C       D       E      F
               +-------+-------+-------+-------+-------+----------------------
         Total | 100.0 | 100.0 |  -nan |  -nan | 100.0 |   6.0
       Dungeon | 100.0 | 100.0 |  -nan |  -nan | 100.0 |   6.0
               +-------+-------+-------+-------+-------+----------------------

Vault maps used:
D:1:      dpeg_arrival_houses_and_road
